[Event "*** SCC Grand Prix: Titled Tuesday Blitz"]
[Site "Chess.com"]
[Date "2020.06.02"]
[Round "5"]
[White "Berant"]
[Black "rynos0411"]
[Result "1-0"]
[WhiteElo "2330"]
[BlackElo "2434"]
[TimeControl "180+1"]
[EndTime "11:00:01 PDT"]
[Termination "Berant won by resignation"]

1. e4 c6 2. d4 d5 3. Nd2 dxe4 4. Nxe4 Nf6 5. Ng3 h5 6. Bd3 Qxd4 7. Nf3 Qd8 8. Qe2 h4 9. Ne4 Nxe4 10. Bxe4 Nd7 11.
Bd2 Nf6 12. Bd3 Bg4 13. O-O-O e6 14. Kb1 Be7 15. Bc3 Qb6 16. h3 Bxf3 17. Qxf3 O-O-O 18.
Rhe1 Rhg8 19. a4 Nd5 20. Bh7 Rh8 21. a5 Qc7 22. Be4 Nxc3+ 23. Qxc3 Bf6 24. Qb3 Qxa5 25. c3 Qc5 26. f3 Rxd1+ 27. Rxd1 Rd8 28. Rxd8+ Bxd8 29. Qd1 Bc7 30. Qd2 g5 31. Qe2 Bf4 32. Qc2 Kc7 33. Qa4 Qg1+ 34. Ka2 Be3 35. Qa5+ Bb6 36. Qe5+ Kd7 37. Qf6 Ke8 38. Qxg5 Qc5 39. Qg8+ Ke7 40.
Qg7 Qa5+ 41. Kb1 Qc5 42. Bg6 Qg1+ 43. Ka2 Qc5 44. Qxf7+ Kd6 45. Qf4+ Qe5 46. Qd2+ Kc7 47. Be8 Be3 48. Qd7+ Kb6 49. Qd3 Bc5 50. b4 Bd6 51. Kb3 Bc7 52. Qd4+ Qxd4 53. cxd4 Bd6 54. Bd7 Kc7 55. Bxe6 Kd8 56. Bg4 Ke7 57. Kc4 b6 58. Bc8 Kd8 59. Bb7 Kc7 60. Ba6 Bg3 61.
d5 cxd5+ 62. Kxd5 Be1 63. Kc4 Bg3 64. Bb5 Kd6 65. Be8 Bf2 66. Kb5 Be1 67. Bg6 Bd2 68.
Kc4 Ke5 69. b5 Kf4 70. Kd3 Kg3 71. Kxd2 Kxg2 72. f4 Kg3 73. f5 Kxh3 74. f6 Kg2 75. f7 h3 76. f8=Q h2 77. Be4+ 1-0

[Event "*** SCC Grand Prix: Titled Tuesday Blitz"]
[Site "Chess.com"]
[Date "2020.06.02"]
[Round "5"]
[White "WinstonSilvakov"]
[Black "Denis_Palkovich"]
[Result "0-1"]
[WhiteElo "2068"]
[BlackElo "2321"]
[TimeControl "180+1"]
[EndTime "11:00:01 PDT"]
[Termination "Denis_Palkovich won on time"]

1. e4 d5 2. d4 dxe4 3. Nc3 Nf6 4. Bg5 Bf5 5. Qe2 c6 6. Kd1 Qxd4+ 7. Ke1 Qb4 8. Rb1 Nbd7 9. a3 Qb6 10. Be3 Qc7 11.
h3 e6 12. g4 Bg6 13. Bg2 Bc5 14. Bxc5 Nxc5 15. g5 Nd5 16. Qe3 Nxc3 17. Qxc3 Qb6 18. Qxg7 O-O-O 19. Qc3 h6 20. gxh6 Rxh6 21. Ne2 f5 22.
Nf4 Bf7 23. Ne2 Nd7 24. Nd4 Qc5 25. Qxc5 Nxc5 26. Nb3 Nxb3 27. cxb3 e5 28. Ke2 Bxb3 29. Rhc1 Rg6 30. Bh1 Rd3 31. Rc5 Rd5 32. Rc3 Ba4 33. Rbc1 Kd7 34. Rg3 Rxg3 35. fxg3 Rd3 36. Rc3 Rxc3 37.
bxc3 Kd6 38. h4 Ke6 39. g4 fxg4 40.
Bxe4 Kf6 41. Bd3 Bb3 42. Ke3 Bd5 43. Kf2 e4 44. Kg3 Ke5 45. Be2 e3 46. Bxg4 Ke4 47.
h5 Kd3 48. h6 Bg8 49. Bf5+ Kd2 50. Bg4 e2 51. Bxe2 Kxe2 52. Kf4 Bh7 53. Kg5 Kd3 54.
Kf6 Kxc3 55. Kg7 Be4 56. Kf6 Kb3 57. Ke5 Bb1 58. Kd6 Kxa3 59. Kc5 a5 60. Kd4 a4 61. Kc3 Bh7 62. Kd2 Kb2 63. Ke3 a3 64.
Kd4 a2 65. Kc4 a1=Q 0-1

[Event "*** SCC Grand Prix: Titled Tuesday Blitz"]
[Site "Chess.com"]
[Date "2020.06.02"]
[Round "5"]
[White "TregubovP"]
[Black "crazy_but_lazy"]
[Result "1-0"]
[WhiteElo "2565"]
[BlackElo "2396"]
[TimeControl "180+1"]
[EndTime "11:00:02 PDT"]
[Termination "TregubovP won by checkmate"]

1. e4 e6 2. d4 d5 3. exd5 exd5 4.
Nf3 Bd6 5. c4 c6 6. c5 Bc7 7.
Bd3 Nf6 8. Qe2+ Qe7 9. Qxe7+ Kxe7 10. O-O Re8 11. Re1+ Kf8 12. Rxe8+ Kxe8 13. Nc3 Bg4 14. Ne5 Bxe5 15. dxe5 Nfd7 16. Be3 Nxe5 17. Bf1 Nbd7 18. Bd4 Kf8 19. b4 Re8 20. b5 Bf5 21. a4 Nd3 22. g4 Bg6 23. Bxd3 Bxd3 24. Rd1 Bg6 25. Kg2 Ne5 26.
Kg3 Nc4 27. h4 h5 28. bxc6 bxc6 29. gxh5 Bxh5 30. Rb1 f6 31. Rb7 Re7 32. Rb8+ Be8 33. Nd1 Re4 34. Be3 Ne5 35. a5 Ra4 36. Bf4 Nd7 37. Bd6+ Kf7 38. Rb7 Rxa5 39. Ne3 Ke6 40. f4 g6 41. f5+ gxf5 42. Ng2 Ra3+ 43. Kf2 f4 44. Nxf4+ Kf5 45. Ne2 Bh5 46. Rxd7 Ra2 47. Re7 a5 48. Ke1 Rxe2+ 49. Rxe2 Bxe2 50. Kxe2 Kg4 51. Be7 f5 52. Bf6 a4 53. Kf2 a3 54.
Kg2 a2 55. Kf2 f4 56. Kg2 Kf5 57. Ba1 Kg4 58. Bf6 Kf5 59. Bd4 Ke4 60. Ba1 Kf5 61. Kf3 Kg6 62. Kxf4 Kh5 63. Kg3 Kh6 64. Kh3 Kg6 65.
Kg4 Kh6 66. h5 Kh7 67. Kh4 Kg8 68. Kg4 Kh7 69. Kg5 Kg8 70. h6 Kh7 71. Kh5 Kg8 72.
Kg6 d4 73. h7+ Kh8 74. Bxd4# 1-0

[Event "*** SCC Grand Prix: Titled Tuesday Blitz"]
[Site "Chess.com"]
[Date "2020.06.02"]
[Round "5"]
[White "Elbek_Jumanov"]
[Black "KNVB"]
[Result "0-1"]
[WhiteElo "2428"]
[BlackElo "2678"]
[TimeControl "180+1"]
[EndTime "11:00:03 PDT"]
[Termination "KNVB won on time"]

1. c4 f5 2. Nf3 Nf6 3. Nc3 Nc6 4. g3 b6 5. Bg2 Bb7 6. O-O g6 7. Rb1 Bg7 8. b4 O-O 9. b5 Nb8 10. d3 e6 11. a4 a5 12. bxa6 Nxa6 13. Ba3 d6 14.
Qc2 Nc5 15. Bxc5 dxc5 16. Rfd1 Qe7 17. Ra1 Nd7 18. Rdb1 Bc6 19. a5 Rxa5 20. Rxa5 bxa5 21. Nd2 Bxg2 22. Kxg2 Nb6 23. Rb5 Ra8 24. Ndb1 a4 25.
Na3 Bf8 26. Rb1 Qd7 27. Kg1 Qc6 28. Ncb5 Bg7 29. Qd2 h6 30. Qf4 e5 31. Qe3 Kh7 32.
Nc3 h5 33. Ncb5 Re8 34. Qd2 h4 35. Qg5 Bf6 36. Qd2 h3 37. f3 e4 38. dxe4 fxe4 39. Qf4 Kg7 40. Qxc7+ Qxc7 41. Nxc7 Re7 42. Nd5 Nxd5 43.
cxd5 Bd4+ 44. Kf1 exf3 45. exf3 Re3 46. Nc4 Rxf3+ 47. Ke2 Rf2+ 48. Kd3 Rxh2 49. d6 Rg2 50. d7 Bf6 51. Rf1 Bg5 52. Ne5 Rxg3+ 53. Ke4 h2 54.
Rf7+ Kh6 55. Rf8 Kg7 56. Rf7+ Kh6 57. Rf8 Kh7 58. Rf7+ Kg8 59. Rg7+ Kxg7 60. Nf3 Rxf3 61. Kxf3 Bd8 0-1

[Event "*** SCC Grand Prix: Titled Tuesday Blitz"]
[Site "Chess.com"]
[Date "2020.06.02"]
[Round "5"]
[White "2nd_life"]
[Black "Ba_clbaf_osed_ingo_3v21"]
[Result "1-0"]
[WhiteElo "2437"]
[BlackElo "2632"]
[TimeControl "180+1"]
[EndTime "11:00:03 PDT"]
[Termination "2nd_life won on time"]

1. e4 c5 2. Nf3 d6 3. Bb5+ Nd7 4. O-O a6 5. Bxd7+ Bxd7 6. c4 e5 7. Nc3 Ne7 8. d3 Nc6 9. Nd5 Be7 10. Rb1 b5 11. b3 O-O 12. Ne1 f5 13. f4 Nd4 14.
Nc2 Be6 15. Nxd4 cxd4 16. Qe2 fxe4 17. Qxe4 Bf5 18. Qe2 Bf6 19. fxe5 Bxe5 20. Bf4 Qh4 21.
g3 Qg4 22. Qxg4 Bxg4 23. Ne7+ Kh8 24. Bxe5 dxe5 25. Rxf8+ Rxf8 26. Rf1 Re8 27. Nc6 bxc4 28. bxc4 Be2 29. Re1 Bxd3 30. Rxe5 Rxe5 31. Nxe5 Bb1 32.
a3 Kg8 33. Nf3 d3 34. Kf2 Kf7 35. Ke3 Kf6 36. Ne1 Ba2 37. Kxd3 Ke5 38. Nf3+ Kd6 39.
Kd4 h6 40. c5+ Kc7 41. Ne5 Be6 42. h4 g5 43. hxg5 hxg5 44. Nf3 g4 45. Ne5 Bf5 46.
Kc3 Be6 47. Kb4 Bc8 48. a4 Bb7 49. a5 Bc8 50. Kc3 Be6 51. Kd4 Bf5 52. Kc4 Be6+ 53.
Kd3 Bf5+ 54. Kd4 Be6 55. Ke4 Bc8 56. Kd5 Bf5 57. c6 Bb1 58. Nxg4 Ba2+ 59. Kc5 Be6 60. Ne5 Bf5 61. g4 Be4 62. g5 Bh7 63. g6 Bg8 64. Ng4 Be6 65. Nf6 Kb8 66. Kd6 Bb3 67. Nd5 1-0

[Event "*** SCC Grand Prix: Titled Tuesday Blitz"]
[Site "Chess.com"]
[Date "2020.06.02"]
[Round "5"]
[White "VinzentSpitzl"]
[Black "Zq1"]
[Result "0-1"]
[WhiteElo "2383"]
[BlackElo "2539"]
[TimeControl "180+1"]
[EndTime "11:00:03 PDT"]
[Termination "Zq1 won by resignation"]

1. e4 c5 2. Nf3 d6 3. d4 cxd4 4. Nxd4 Nf6 5. Nc3 Nc6 6. Bg5 e6 7. Qd2 Be7 8. O-O-O O-O 9. f3 Nxd4 10. Qxd4 a6 11. h4 b5 12. Kb1 Bb7 13. e5 dxe5 14. Qxe5 Qe8 15. Qc7 Bd5 16. Bxf6 Bxf6 17. Nxd5 exd5 18.
Bd3 Rc8 19. Qf4 Qc6 20. g4 Rfe8 21. Rde1 g6 22. h5 Bg7 23. hxg6 hxg6 24. a3 Qf6 25. Qxf6 Bxf6 26. f4 Kg7 27. g5 Bd4 28. f5 Rxe1+ 29. Rxe1 gxf5 30. Bxf5 Rc7 31. c3 Bc5 32. Rd1 Be3 33.
Rxd5 Bxg5 34. Rd7 Rc6 35. Be4 Rf6 36. Bd5 Be3 37. Rc7 Rf1+ 38. Kc2 Rf2+ 39. Kd3 Bc1 40.
b3 Bxa3 41. c4 bxc4+ 42. Bxc4 a5 43. Ke4 Bb4 44. Ke3 Rf6 45. Ke4 Kg6 46. Bd5 Rf2 47. Rc6+ Kg5 48. Rc7 f5+ 49. Kd3 Kf4 50. Rf7 Rd2+ 51.
Kc4 Ke5 52. Bc6 Rc2+ 53. Kb5 Rc5+ 54. Kb6 Rc3 55. Bd7 f4 56. Bc6 Rxb3 57. Kc7 Rc3 58. Kb6 Re3 59. Bb5 Bd2 60. Bc6 Rb3+ 61. Kc5 Rc3+ 62.
Kb5 Rb3+ 63. Kc5 Rc3+ 64. Kb5 Rxc6 65. Kxc6 Ke4 66. Kb5 Ke3 67. Re7+ Kf2 68. Ka4 f3 69. Kb3 Be1 70. Kc2 Kf1 71. Rf7 f2 72. Kd3 Bb4 73. Re7 Bxe7 0-1

[Event "*** SCC Grand Prix: Titled Tuesday Blitz"]
[Site "Chess.com"]
[Date "2020.06.02"]
[Round "5"]
[White "keepitcool9499"]
[Black "albi1999"]
[Result "1/2-1/2"]
[WhiteElo "2480"]
[BlackElo "2650"]
[TimeControl "180+1"]
[EndTime "11:00:04 PDT"]
[Termination "Game drawn by repetition"]

1. d4 Nf6 2. c4 e6 3. Nc3 d5 4. Nf3 c5 5. e3 a6 6. a3 dxc4 7. Bxc4 b5 8. Be2 Bb7 9. dxc5 Qxd1+ 10. Bxd1 Bxc5 11. b4 Be7 12. Bb2 Nbd7 13. Be2 O-O 14. O-O Rfc8 15. Rac1 Nb6 16. Nd4 Nc4 17. Bxc4 Rxc4 18.
Nce2 Rac8 19. Rxc4 Rxc4 20. Rc1 Rxc1+ 21. Nxc1 Nd5 22.
Nd3 Nb6 23. Nb3 Nc4 24. Bc1 f6 25.
Nbc5 Bc8 26. Kf1 e5 27. e4 Kf7 28. Ke2 a5 29. f3 Bd6 30. g3 f5 31. f4 axb4 32.
axb4 exf4 33. Bxf4 fxe4 34. Nxe4 Be7 35. Nec5 Bf5 36.
Kf3 Bf6 37. Ne4 Be7 38. Be3 h6 39. Bc5 Bd8 40. Kf4 Bh7 41. Ne5+ Ke6 42. Nxc4 bxc4 43.
Nc3 Bg5+ 44. Kf3 Bd2 45. Ne4 Be1 46. Ke2 Bxb4 47. Bxb4 Bxe4 48. Bc3 g6 49. Ke3 Bd3 50. Kd4 Kf5 51. Bd2 h5 52. h4 Kg4 53. Bf4 Kf3 54. Kc3 Ke2 55. Be5 Kf2 56. Bd6 Bf1 57. Bf4 Kf3 58.
Be5 Kg4 59. Bf4 Kf5 60. Bg5 Ke4 61. Bf4 Kf3 62. Be5 Kf2 63. Bf4 Ke2 64. Be5 Kf3 65.
Bf4 Kg4 66. Be5 g5 67. hxg5 Kxg5 68. Bd6 Kf5 69. Bc7 Kg4 70. Bb8 Kf3 71. Bc7 Bd3 72.
Bb8 Ke4 73. Bc7 Kf5 74. Bb8 Kg4 75. Bc7 Kh3 76. Bb8 Kg4 77. Bc7 h4 78. gxh4 Kxh4 79.
Bb6 Kg4 80. Ba5 Kh4 81. Bb4 Kg4 82. Ba5 Kh5 83. Bb4 Kg4 84. Ba3 Kh5 85. Bb4 Kg4 1/2-1/2

[Event "*** SCC Grand Prix: Titled Tuesday Blitz"]
[Site "Chess.com"]
[Date "2020.06.02"]
[Round "5"]
[White "francyIM"]
[Black "artooon"]
[Result "1/2-1/2"]
[WhiteElo "2664"]
[BlackElo "2731"]
[TimeControl "180+1"]
[EndTime "11:00:06 PDT"]
[Termination "Game drawn by agreement"]

1. d4 Nf6 2. c4 e6 3. Nc3 Bb4 4. f3 c5 5. d5 b5 6. e4 O-O 7.
Nh3 bxc4 8. Bxc4 exd5 9. Bxd5 Nxd5 10. Qxd5 Qb6 11. Bf4 Nc6 12. O-O Ba6 13. Rfd1 Nd4 14. Be5 Bb7 15. Qd6 Rfe8 16. Qxb6 axb6 17. Bxd4 cxd4 18.
Nb5 d5 19. exd5 Ra5 20. Nxd4 Rxd5 21. Nb3 h6 22. Nf4 Rg5 23. Rd4 Bf8 24. Rf1 Rb5 25.
Rd2 Rf5 26. Ne2 Re3 27. Ned4 Rd5 28. Rfd1 Bb4 29. Rd3 Rxd3 30. Rxd3 Ba6 31. Re3 Bc4 32. a3 Bc5 33. Nxc5 Rxd4 34. Ne4 Rd1+ 35. Kf2 Rb1 36. b4 Rb2+ 37. Kg3 g5 38. Nd6 Bf1 39. f4 Rxg2+ 40. Kf3 Rxh2 41. fxg5 hxg5 42. Kg4 Rg2+ 43. Kf5 g4 44.
Ne8 Be2 45. Nf6+ Kg7 46. Kg5 Rf2 47. Nh5+ Kf8 48. Nf6 Kg7 49. Nh5+ Kf8 50. Rc3 Rf3 51. Rc7 g3 52. Rc8+ Ke7 53. Rc2 Re3 54. Nf4 Bf3 55. Kh4 g2 56. Nxg2 Bxg2 57. Rxg2 Rxa3 58. Rg4 f5 59. Rg6 b5 60. Rb6 Rb3 61. Rxb5 Kf6 62. Rb8 f4 63. Kg4 Ke5 64. Re8+ Kd5 65. Kxf4 Rxb4+ 1/2-1/2

[Event "*** SCC Grand Prix: Titled Tuesday Blitz"]
[Site "Chess.com"]
[Date "2020.06.02"]
[Round "5"]
[White "Escanor89"]
[Black "bascheyaro"]
[Result "0-1"]
[WhiteElo "2567"]
[BlackElo "2742"]
[TimeControl "180+1"]
[EndTime "11:00:07 PDT"]
[Termination "bascheyaro won on time"]

1. c4 e5 2. Nc3 Nc6 3. Nf3 g6 4. g3 Bg7 5. Bg2 Nge7 6. O-O O-O 7.
d3 a6 8. Rb1 b5 9. b3 b4 10.
Na4 d6 11. Bb2 Rb8 12. d4 e4 13. Nd2 f5 14. d5 Ne5 15. f4 Ng4 16. Bxg7 Ne3 17.
Qc1 Kxg7 18. Re1 Bd7 19. Nb2 Nxg2 20. Kxg2 c5 21. Nf1 a5 22. Nd1 Ng8 23. Nde3 a4 24. h3 Qf6 25. Kh2 axb3 26. axb3 Ra8 27. Qb2 Ra3 28.
Qxf6+ Nxf6 29. Rb2 Rfa8 30. Reb1 h6 31. Nc2 Ra2 32.
Nfe3 Kf7 33. Kg2 g5 34. Kf2 gxf4 35. gxf4 Nh5 36. Ng2 Rxb2 37. Rxb2 Kf6 38. e3 Be8 39. Nh4 Ng7 40. Ke2 Bh5+ 41. Kd2 Ne8 42. Rb1 Ra2 43.
Kc1 Be2 44. Ra1 Rxa1+ 45. Nxa1 Bf1 46. Nc2 Bxh3 47. Kd2 Kg7 48. Ne1 Nf6 49. Ke2 Ng8 50. Kf2 Bg4 51. Neg2 Kf6 52. Ke1 h5 53. Kd2 Nh6 54.
Ne1 Nf7 55. Neg2 Nd8 56. Ne1 Nb7 57. Neg2 Na5 58. Kc2 Be2 59. Ne1 Bf1 60. Neg2 Nxc4 61. bxc4 Bxc4 62. Ne1 Bxd5 63. Kb2 Bc4 64. Nc2 Bf1 65.
Kb3 Bb5 66. Ne1 d5 67. Nc2 Be2 68. Ng2 Bd1 69. Kb2 Bxc2 70. Kxc2 d4 71. exd4 cxd4 72.
Kb3 d3 73. Kxb4 h4 74. Ne3 h3 75. Nf1 d2 0-1

[Event "*** SCC Grand Prix: Titled Tuesday Blitz"]
[Site "Chess.com"]
[Date "2020.06.02"]
[Round "5"]
[White "Khayala13"]
[Black "AungTZ"]
[Result "0-1"]
[WhiteElo "2257"]
[BlackElo "1942"]
[TimeControl "180+1"]
[EndTime "11:00:07 PDT"]
[Termination "AungTZ won on time"]

1. e4 c5 2. c3 Nf6 3. e5 Nd5 4.
Nf3 Nc6 5. Bc4 e6 6. d4 cxd4 7. cxd4 d6 8. O-O Be7 9. Qe2 O-O 10. Bd2 b6 11. Nc3 Nxc3 12. Bxc3 dxe5 13. dxe5 Bb7 14.
Rad1 Qc8 15. Bb3 Rd8 16. Rfe1 Rxd1 17. Rxd1 Qc7 18. Bc2 Rd8 19. h3 a6 20. Rxd8+ Qxd8 21. Qe4 g6 22. h4 b5 23. h5 b4 24. Be1 Na5 25. Qf4 Qc7 26. hxg6 hxg6 27. Bd3 Bxf3 28.
gxf3 Nc6 29. Bxa6 Qxe5 30. Qxe5 Nxe5 31. Kg2 g5 32. Bd2 f5 33. f4 gxf4 34. Bxf4 Ng6 35. Bc1 Kf7 36. a3 bxa3 37. bxa3 e5 38. a4 Bb4 39. Kf3 Kf6 40. Bb2 Ne7 41. Bb7 Ng6 42. Ke3 Nf4 43. f3 Bc5+ 44. Kd2 Bb4+ 45. Kc2 Ba5 46. Kb3 Ke6 47. Bc8+ Kf6 48. Kc4 Kg5 49.
Bxe5 Ne2 50. Kb5 Bd2 51. a5 Be3 52. a6 Nd4+ 53. Kc4 Nxf3 54. Bb8 f4 55. Kd5 Nd2 56. Kc6 f3 0-1

[Event "*** SCC Grand Prix: Titled Tuesday Blitz"]
[Site "Chess.com"]
[Date "2020.06.02"]
[Round "5"]
[White "maximnovik"]
[Black "silverback96"]
[Result "1-0"]
[WhiteElo "2462"]
[BlackElo "2229"]
[TimeControl "180+1"]
[EndTime "11:00:10 PDT"]
[Termination "maximnovik won by resignation"]

1. c4 Nf6 2. Nc3 c5 3. g3 Nc6 4. Nf3 e6 5. d4 d5 6. cxd5 exd5 7.
Bg2 cxd4 8. Nxd4 Bc5 9. Nb3 Bb6 10. O-O d4 11. Na4 O-O 12. Bg5 h6 13. Bxf6 Qxf6 14.
Nxb6 axb6 15. Bxc6 bxc6 16. Qxd4 Qd8 17. Qxd8 Rxd8 18.
Rfd1 Be6 19. Nd4 Rxa2 20. Nxe6 Rxd1+ 21. Rxd1 fxe6 22. Rd6 Rxb2 23. Rxe6 Rc2 24. f4 Kf7 25. Rd6 b5 26. Kf2 b4 27. Rd7+ Kf6 28. Rb7 c5 29.
Kf3 g5 30. h4 g4+ 31. Kxg4 Rxe2 32. Rb6+ Kg7 33. Kf5 Re3 34. g4 h5 35. Rb7+ Kf8 36. g5 Re7 37. Rb8+ Kg7 38. Rc8 Rb7 39. Rxc5 b3 40. Rc1 b2 41. Rb1 Rb5+ 42. Ke6 Rb6+ 43. Kd5 Rb4 44. f5 Kf7 45. Kc5 Rb3 46. Kc4 Rh3 47.
Rxb2 Rxh4+ 48. Kd5 Rg4 49. Rb7+ Kf8 50. g6 Ra4 51.
Ke5 h4 52. Kf6 Ra6+ 53. Kg5 h3 54. Rh7 Ra3 55. Kg4 Ra4+ 56. Kxh3 Kg8 57. Kg3 Kf8 58. Rh4 Ra5 59. Kg4 Kg7 60. Kg5 Kg8 61. Rh7 Rb5 62. Rc7 Ra5 63. Kh6 Rxf5 64. Rc8+ Rf8 65. Rxf8+ Kxf8 66. Kh7 1-0

[Event "*** SCC Grand Prix: Titled Tuesday Blitz"]
[Site "Chess.com"]
[Date "2020.06.02"]
[Round "5"]
[White "Vandros57"]
[Black "angryhorse9"]
[Result "1/2-1/2"]
[WhiteElo "2239"]
[BlackElo "2434"]
[TimeControl "180+1"]
[EndTime "11:00:10 PDT"]
[Termination "Game drawn by stalemate"]

1. d4 Nf6 2. Nf3 g6 3. c4 Bg7 4.
Nc3 O-O 5. e4 d6 6. Be2 e5 7. dxe5 dxe5 8. Qxd8 Rxd8 9. Bg5 Re8 10. O-O-O h6 11. Bxf6 Bxf6 12. Nd5 Bd8 13. Nxe5 c6 14. Nc3 Bg5+ 15. Kc2 Rxe5 16. f4 Re8 17. fxg5 hxg5 18. h3 Nd7 19. Bg4 Ne5 20. Bxc8 Raxc8 21. Rhf1 Rcd8 22. Rxd8 Rxd8 23. b3 Kf8 24. Rd1 Re8 25. Kd2 Ke7 26. Ke3 Rh8 27. c5 f6 28. a4 g4 29. hxg4 Nxg4+ 30. Kf4 Ne5 31. Rd6 Rh1 32.
Ne2 Re1 33. Nd4 g5+ 34. Kg3 Rxe4 35. Nf5+ Kf7 36. Rd8 Rg4+ 37. Kh3 Rf4 38. Nd6+ Ke7 39. Rb8 Rb4 40. Rxb7+ Rxb7 41. Nxb7 f5 42. g3 Nd3 43. Kg2 Nc1 44. b4 Nd3 45. b5 Kd7 46. Na5 cxb5 47.
c6+ Kc7 48. axb5 g4 49. Kf1 Nc5 50. Nc4 Ne4 51. Kg2 Nd6 52. Nxd6 Kxd6 53. Kf2 a6 54. bxa6 Kxc6 55. Ke3 Kb6 56. Kf4 Kxa6 57. Kxf5 Kb6 58. Kxg4 Kc7 59. Kf5 Kd8 60. Kf6 Ke8 61. g4 Kf8 62. g5 Kg8 63. Kg6 Kh8 64. Kh6 Kg8 65.
g6 Kh8 66. g7+ Kg8 67. Kg6 1/2-1/2

[Event "*** SCC Grand Prix: Titled Tuesday Blitz"]
[Site "Chess.com"]
[Date "2020.06.02"]
[Round "5"]
[White "Matveev_Vladimir"]
[Black "PavelChernomordik"]
[Result "1-0"]
[WhiteElo "2572"]
[BlackElo "2247"]
[TimeControl "180+1"]
[EndTime "11:00:11 PDT"]
[Termination "Matveev_Vladimir won on time"]

1. d4 d5 2. c4 Nc6 3. Nf3 Bg4 4.
Nc3 Bxf3 5. gxf3 e6 6. a3 Nge7 7. e3 g6 8. b4 Bg7 9. f4 O-O 10. h4 h5 11. Bd3 dxc4 12. Bxc4 Nf5 13. Ne4 a5 14. b5 Nce7 15. Bb2 Nd5 16. Ng5 Nb6 17.
Be2 c5 18. bxc6 bxc6 19. Bxh5 gxh5 20. Qxh5 Nh6 21. Rg1 Nc4 22. Nxe6 fxe6 23. Qxh6 Qf6 24. Rxg7+ Qxg7 25. Qxe6+ Qf7 26. Qg4+ Kh7 27. Bc3 Rg8 28. Qf3 Rg1+ 29. Ke2 Rxa1 30. Bxa1 Nxa3 31. Qxc6 Qc4+ 32. Qxc4 Nxc4 33. Kd3 Nd6 34. e4 Kg6 35. e5 Nf5 36. Ke4 Nxh4 37. d5 Nf5 38. d6 Rd8 39.
Kd5 Kf7 40. e6+ Ke8 41. Be5 Nxd6 42. Bxd6 a4 43. f5 a3 44. f6 Rxd6+ 45. Kxd6 a2 46. f7+ Kf8 47. Kd7 a1=Q 48. e7+ Kxf7 49. e8=Q+ Kg7 50.
Qe7+ Kg6 51. Qe4+ Kg7 52. f4 Qa7+ 53. Ke6 Qb6+ 54. Kf5 Qc5+ 55. Qe5+ Qxe5+ 56. Kxe5 Kf7 57. Kf5 1-0

[Event "*** SCC Grand Prix: Titled Tuesday Blitz"]
[Site "Chess.com"]
[Date "2020.06.02"]
[Round "5"]
[White "AlexTriapishko"]
[Black "kingmonkey2006"]
[Result "0-1"]
[WhiteElo "2697"]
[BlackElo "2519"]
[TimeControl "180+1"]
[EndTime "11:00:12 PDT"]
[Termination "kingmonkey2006 won on time"]

1. e4 c5 2. Nf3 d6 3. d4 cxd4 4. Nxd4 Nf6 5. Nc3 a6 6. Be3 e5 7. Nde2 Be6 8. Ng3 Nc6 9. Be2 Be7 10. O-O O-O 11. Nd5 Bxd5 12. exd5 Nb4 13. c4 a5 14. Nf5 Qd7 15. Nxe7+ Qxe7 16. Qa4 Qd7 17.
Qxd7 Nxd7 18. Rfc1 a4 19. Rc3 Nc5 20. Bxc5 dxc5 21.
a3 Na6 22. d6 Rfd8 23. Rd1 Nb8 24. Rd5 Nc6 25. d7 Nd4 26. Bd1 Kf8 27. Rxc5 Rxd7 28.
Rxe5 Nc6 29. Re1 Rd2 30. Rc2 Rd4 31. Bf3 Rad8 32. Kf1 Rd2 33. Rec1 Na5 34. Bd5 Rd4 35. Rc3 Nb3 36. R1c2 Re8 37. g3 Nc5 38. Kg2 b6 39. Rf3 f6 40. h4 Re1 41. Re3 Rxe3 42. fxe3 Rd1 43. Kf3 Ke7 44. Re2 Kd6 45. g4 Nd3 46.
Ke4 Nc5+ 47. Kf3 Nd3 48. Rh2 Ne5+ 49. Kf4 Rf1+ 50. Kg3 Rg1+ 51. Kf2 Rxg4 52. e4 Rf4+ 53. Ke3 Rf1 54. Ke2 Rb1 55. Rf2 Rxb2+ 56. Kf1 Rxf2+ 57. Kxf2 Kc5 58. h5 Nxc4 59. h6 gxh6 60. Bg8 Nxa3 61. e5 fxe5 0-1

[Event "*** SCC Grand Prix: Titled Tuesday Blitz"]
[Site "Chess.com"]
[Date "2020.06.02"]
[Round "5"]
[White "Sweafty"]
[Black "fischercapa"]
[Result "1/2-1/2"]
[WhiteElo "2505"]
[BlackElo "2370"]
[TimeControl "180+1"]
[EndTime "11:00:12 PDT"]
[Termination "Game drawn - insufficient material"]

1. Nf3 Nf6 2. c4 e6 3. g3 b6 4. Bg2 Bb7 5. O-O c5 6. b3 Be7 7. Bb2 O-O 8. Nc3 a6 9. e3 d6 10.
Qe2 Re8 11. Rad1 Nbd7 12. Ne1 Bxg2 13. Nxg2 Qc7 14. f4 d5 15. g4 d4 16. exd4 cxd4 17.
Ne4 Nxe4 18. Qxe4 Nf6 19. Qf3 Bc5 20. d3 a5 21. f5 exf5 22. Qxf5 Re5 23. Qf3 Rae8 24.
Bc1 Qd7 25. h3 Re2 26. Bg5 Rxa2 27. Bxf6 gxf6 28. Nf4 Re3 29. Qa8+ Qe8 30. Qxe8+ Rxe8 31. Rf2 Rxf2 32. Kxf2 Re3 33. Nd5 Rxh3 34. Kg2 Rh4 35. Kg3 Rh6 36. Re1 Kg7 37. Re8 Rg6 38. Kf3 h5 39.
gxh5 Rg5 40. Nf4 Rg1 41. Ne2 Rb1 42. Ke4 Rxb3 43. Nxd4 Rb1 44. Nf5+ Kh7 45. Ra8 Re1+ 46. Kf3 Rf1+ 47. Kg4 Rd1 48. Ra7 Rg1+ 49. Kf3 Rf1+ 50. Kg4 Rg1+ 51. Kh3 Rh1+ 52. Kg2 Rxh5 53. Ng3 Rg5 54.
Rxf7+ Kg6 55. Rd7 Re5 56. d4 Bxd4 57. Rxd4 b5 58. cxb5 Rxb5 59. Ra4 Rb2+ 60. Kf3 Rb5 61. Ne4 Rb3+ 62. Ke2 Rb4 63. Rxb4 axb4 64. Nxf6 Kxf6 65.
Kd3 Ke5 66. Kc4 Ke4 67. Kxb4 1/2-1/2

[Event "*** SCC Grand Prix: Titled Tuesday Blitz"]
[Site "Chess.com"]
[Date "2020.06.02"]
[Round "5"]
[White "MasterKroket"]
[Black "MarcoRiehle"]
[Result "0-1"]
[WhiteElo "2420"]
[BlackElo "2625"]
[TimeControl "180+1"]
[EndTime "11:00:16 PDT"]
[Termination "MarcoRiehle won on time"]

1. d4 d5 2. c4 e6 3. Nc3 c5 4. cxd5 cxd4 5. Qa4+ Bd7 6. Qxd4 exd5 7. Nxd5 Nc6 8. Qd1 Nf6 9. Nc3 Bc5 10. Nf3 Qe7 11.
e3 O-O-O 12. Bd2 g5 13. Nxg5 Rhg8 14. Nf3 Kb8 15. a3 h5 16. Qc2 Ng4 17. h3 Nge5 18. Nxe5 Qxe5 19. Na4 Be7 20. Bc3 Qd5 21. Rd1 Qg5 22.
Qe4 Rge8 23. Be2 Bd6 24. Qf3 Bc7 25. Rd5 Qg6 26. Nc5 Bc8 27. Rxd8 Rxd8 28. O-O Qd6 29. Na6+ bxa6 30. g3 Bb7 31. Rd1 Qe7 32. Rxd8+ Bxd8 33. Qxh5 Qe4 34. Bf3 Qb1+ 35. Kg2 Qd3 36. Qxf7 a5 37. Qd5 Qh7 38. Qc5 Qd7 39. h4 Ne7 40. Be5+ Ka8 41. Qd6 Bxf3+ 42. Kxf3 Qf5+ 43. Kg2 Qc8 44. h5 Nf5 45.
Qd5+ Qb7 46. Qxb7+ Kxb7 47. g4 Nh6 48. f3 Kc6 49.
Bf4 Nf7 50. h6 Kd5 51. h7 Bf6 52. g5 Bxb2 53. g6 Nh8 54. e4+ Ke6 55. Bd2 a4 56.
f4 Nxg6 57. f5+ Kf7 58. fxg6+ Kxg6 59. Kf3 Kxh7 60. Bb4 Kg6 61. Kf4 Kf6 62. Bd6 Ke6 63. Bb4 a6 64. Ke3 Ke5 65. Bf8 Ke6 66. Kd3 Kd7 67. Bb4 Kc6 68. Kc4 Be5 69. Bc3 Bd6 70.
Bb2 Be7 71. e5 Bf8 72. Kd4 Be7 73.
Ke4 Kc5 74. Bc3 Kc4 75. Bb4 Bxb4 76. axb4 a3 77. e6 a2 0-1

[Event "*** SCC Grand Prix: Titled Tuesday Blitz"]
[Site "Chess.com"]
[Date "2020.06.02"]
[Round "5"]
[White "AnishGiri"]
[Black "VladimirBelous"]
[Result "1/2-1/2"]
[WhiteElo "2972"]
[BlackElo "2742"]
[TimeControl "180+1"]
[EndTime "11:00:17 PDT"]
[Termination "Game drawn - insufficient material"]

1. e4 c5 2. Nf3 Nc6 3. Bb5 d6 4. O-O Bd7 5. Re1 g6 6. c3 a6 7. Bxc6 Bxc6 8. d4 cxd4 9. cxd4 Bg7 10. Nc3 Nf6 11. h3 O-O 12. Bf4 Rc8 13. Qd2 b5 14.
a3 Bb7 15. Bh6 Nd7 16. Rad1 e6 17. Bxg7 Kxg7 18. Qe3 Qe7 19. Re2 Nb6 20. b3 d5 21.
e5 Qxa3 22. Nh2 h5 23. Nb1 Qe7 24. Qd2 b4 25. Re3 a5 26. Rf3 a4 27. bxa4 Rc4 28. a5 Nd7 29. Qb2 Rfc8 30. Nd2 Rc2 31. Qb3 Ba6 32.
Nhf1 Be2 33. Rb1 Bxf3 34. Nxf3 R8c3 35. Qxb4 Qxb4 36. Rxb4 Nf8 37. Ne3 Rc1+ 38. Kh2 Rc7 39. Ra4 Ra7 40. g4 hxg4 41. hxg4 Rc6 42. Nd2 Rc3 43.
Kg2 Nh7 44. Nf3 Rc6 45. Nd2 Ng5 46. Nb3 Ne4 47. Rb4 Rc3 48. Rb8 Rac7 49. g5 Nxg5 50. Ng4 Ne4 51. a6 Ra7 52. Nc5 Nxc5 53. dxc5 g5 54. Nf6 Kg6 55. Ne8 Rxc5 56. Nd6 d4 57.
Rb7 Rxa6 58. Nxf7 Kf5 59. Rd7 Rd5 60. Rc7 Ke4 61. Rc1 d3 62. Nxg5+ Kxe5 63. Nf3+ Kf5 64. Rd1 d2 65. Rxd2 Rxd2 66. Nxd2 e5 67. Kf3 Ra3+ 68.
Ke2 Kf4 69. Nf1 Ra2+ 70. Nd2 e4 71. Ke1 Rb2 72. Ke2 Ra2 73. Ke1 Ke5 74. Kd1 Kd4 75. Nb3+ Kd5 76. Nd2 Kd4 77. Nb3+ Ke5 78. Nd2 Rb2 79.
Nc4+ Kf4 80. Nxb2 e3 81. Nd3+ Kf3 82. fxe3 Kxe3 1/2-1/2